 Dungeon Crawl Stone Soup version 0.31.0-4-g52a2dc7128 (webtiles) character file.

Game seed: 4072080892121017182

86 GreatBamboolord the Shooter (level 4, -12/35 HPs)
             Began as a Barachi Hunter on Jan 23, 2024.
             Blown up by Ijyb (20 damage)
             ... with a mindburst bolt
             ... on level 3 of the Dungeon.
             The game lasted 00:02:18 (1736 turns).

GreatBamboolord the Shooter (Barachi Hunter)        Turns: 1736, Time: 00:02:19

Health: -12/35     AC:  4    Str: 12    XL:     4   Next: 50%
Magic:  4/4        EV: 12    Int: 10    God:
Gold:   175        SH:  0    Dex: 17    Spells: 3/3 levels left

rFire   + . .        a - +0 shortbow
rCold   + . .        (shield currently unavailable)
rNeg    . . .        c - +0 leather armour
rPois   +            (no helmet)
rElec   +            (no cloak)
rCorr   +            i - +0 pair of gloves
SInv    .            (no boots)
Will    .....        (no amulet)
Stlth   ++           (no ring)
HPRegen 0.25/turn    (no ring)
MPRegen 0.09/turn

%: no passive effects
@: mighty, resistant, slow
A: amphibious, slowness 1, strong legs 1, +LOS
a: Hop


You were on level 3 of the Dungeon.
You visited 1 branch of the dungeon, and saw 3 of its levels.

You collected 175 gold pieces.

Inventory:

Hand Weapons
 a - a +0 shortbow (weapon)
Armour
 c - a +0 leather armour (worn)
 i - a +0 pair of gloves (worn)
Scrolls
 b - a scroll of butterflies
 e - a scroll of amnesia {unknown}
 f - a scroll of noise {unknown}
 g - a scroll of teleportation {unknown}
 l - a scroll of blinking {unknown}
Potions
 j - a potion of magic {unknown}
 k - a potion of resistance
 m - a potion of attraction {unknown}


   Skills:
 + Level 3.4 Fighting
 + Level 4.4 Ranged Weapons
 + Level 3.1 Dodging
 + Level 2.1 Stealth


You had 3 spell levels left.
You didn't know any spells.
Your spell library contained the following spells:

 Spells                   Type           Power      Damage    Failure   Level
 Foxfire                  Conj/Fire      0%         2x1d4     43%         1
 Plasma Beam              Fire/Air       0%         2x1d10    100%        6
 Starburst                Conj/Fire      0%         6d3       100%        6


Dungeon Overview and Level Annotations

Branches:
Dungeon (3/15)

Altars:

Annotations:
D:2 1 runed translucent door, Crazy Yiuf
D:3 Ijyb


Innate Abilities, Weirdness & Mutations

You are amphibious.
You cover ground slowly.
You can hop short distances.
You have an extended range of vision and can be seen from far away.


Message History

You shoot an arrow. The arrow hits the frilled lizard.
The frilled lizard is heavily wounded.
The frilled lizard bites you but does no damage.
You shoot an arrow. The arrow hits the frilled lizard.
You kill the frilled lizard!
The ball python bites you but does no damage.
The ball python grabs you. The ball python constricts you.
You shoot an arrow. The arrow hits the ball python.
You kill the ball python!
Fire: a) +0 shortbow
Press: ? - help, Shift-Dir - straight line, f - Ijyb
Aim: Ijyb, wielding a +0 dagger, wearing a +0 ring mail and carrying a wand of mindburst (moderately wounded, 60% to hit)
You shoot an arrow. The arrow barely misses Ijyb.
Unknown command.
Fire: a) +0 shortbow
Press: ? - help, Shift-Dir - straight line, f/p - Ijyb
Aim: Ijyb, wielding a +0 dagger, wearing a +0 ring mail and carrying a wand of mindburst (moderately wounded, 60% to hit)
You shoot an arrow. The arrow hits Ijyb!
Ijyb is heavily wounded.
Fire: a) +0 shortbow
Press: ? - help, Shift-Dir - straight line, f/p - Ijyb
Aim: Ijyb, wielding a +0 dagger, wearing a +0 ring mail and carrying a wand of mindburst (heavily wounded, 60% to hit)
You shoot an arrow. The arrow hits Ijyb but does no damage.
Ijyb is heavily wounded.
Ijyb closely misses you.
Fire: a) +0 shortbow
Press: ? - help, Shift-Dir - straight line, f/p - Ijyb
Aim: Ijyb, wielding a +0 dagger, wearing a +0 ring mail and carrying a wand of mindburst (heavily wounded, 60% to hit)
You shoot an arrow. The arrow barely misses Ijyb.
Ijyb hits you with a +0 dagger.
* * * LOW HITPOINT WARNING * * *
Unknown command.
Fire: a) +0 shortbow
Press: ? - help, Shift-Dir - straight line, f/p - Ijyb
Aim: Ijyb, wielding a +0 dagger, wearing a +0 ring mail and carrying a wand of mindburst (heavily wounded, 60% to hit)
You shoot an arrow. The arrow hits Ijyb.
Ijyb is severely wounded.
Ijyb zaps a wand.
Your mind is blasted!
Ouch! That really hurt!
You die...

#.# #.# #.# #
#.# #.#.#
#.#.#####S##
#....g..w...
#######†######.#
#.......g@>....#
#.#####.######.#
#.# #... #.#
#..## #.# #..#
#.# #..# #.#
#..# #.# #..#
#.# #..#


You could see Ijyb.

Vanquished Creatures
  A hound (D:3)
  An adder (D:2)
  5 bats
  An endoplasm (D:1)
  5 giant cockroaches (D:1)
  3 goblins
  6 hobgoblins
  2 jackals (D:1)
  6 ball pythons
  6 frilled lizards
  2 kobolds
  6 rats
44 creatures vanquished.

Notes
Turn   | Place    | Note
-------+----------+-------------------------------------------
     0 | D:1      | GreatBamboolord the Barachi Hunter began the quest for the
                  | Orb.
     0 | D:1      | Reached XP level 1. HP: 17/17 MP: 1/1
    42 | D:1      | Reached skill level 1 in Stealth
    64 | D:1      | Reached XP level 2. HP: 13/23 MP: 2/2
   313 | D:1      | Reached XP level 3. HP: 28/28 MP: 3/3
   703 | D:2      | Found a faded altar of an unknown god.
   760 | D:2      | Found a runed translucent door.
   761 | D:2      | Noticed Crazy Yiuf
  1611 | D:3      | Reached XP level 4. HP: 21/35 MP: 4/4
  1710 | D:3      | Noticed Ijyb
  1736 | D:3      | Blown up by Ijyb

Illustrated notes

Levels and vault maps discovered:
D:1:      mushboom_english_gardens, layout_basic, chequers_serial_rivers_small_b
D:2:      layout_basic, shapermc_ecumenical_altar_mp_highgroup,
          uniq_crazy_yiuf_cottage
D:3:      layout_basic, nemelex_spade_bored_becter,
          corexii_item_surrounded_by_moat, uniq_jessica, uniq_ijyb, uniq_sigmund

Skill      XL: |  1  2  3 |
---------------+----------+-----
Stealth        | 1 2 |  2.1
Fighting       | 3 |  3.4
Dodging        | 3 |  3.1
Ranged Weapons | |  4.4

Action                     |  1- 3 |  4- 6 || total
---------------------------+-------+-------++-------
   Fire: Shortbow          |   103 |    21 ||   124
Ability: Hop               |     1 |       ||     1
    Use: Potion            |       |     3 ||     3
 Armour: Leather armour    |    34 |     8 ||    42
  Dodge: Dodged            |    25 |     7 ||    32
